 Dungeon Crawl Stone Soup version 0.31-a0-845-g9abc20d (webtiles) character file.

Game seed: 16072189466121979703

7758 lyrin the Blocker (level 11, 0/89 HPs)
             Began as a Gnoll Fighter on Oct 1, 2023.
             Was a Believer of the Shining One.
             Killed from afar by an acid dragon (24 damage)
             ... with a splash of acid
             ... on level 10 of the Dungeon.
             The game lasted 00:15:11 (10652 turns).

lyrin the Blocker (Gnoll Fighter)                  Turns: 10652, Time: 00:15:12

Health: 0/89       AC:  9    Str: 16    XL:     11   Next: 20%
Magic:  20/20      EV: 14    Int: 14    God:    the Shining One [**....]
Gold:   491        SH: 12    Dex: 17    Spells: 22/22 levels left

rFire   . . .        O - +1 hand axe (elec)
rCold   + . .        c - +0 buckler
rNeg    + . .        M - +3 leather armour
rPois   +            (no helmet)
rElec   .            y - +2 cloak of Levity {*Corrode rC+ Int+3 Dex+5}
rCorr   .            v - +0 pair of gloves
SInv    .            L - +0 pair of boots
Will    .....        z - amulet of reflection
Stlth   ++           q - ring of poison resistance
HPRegen 0.34/turn    F - +4 ring of slaying
MPRegen 0.17/turn

%: corrode self (3%), reflection
@: corroded, glowing
A: fangs 1, strong nose, distributed training
a: Renounce Religion, Divine Shield


You were on level 10 of the Dungeon.
You worshipped the Shining One.
The Shining One was pleased with you.
You visited 1 branch of the dungeon, and saw 10 of its levels.

You collected 491 gold pieces.

Inventory:

Hand Weapons
 m - a +3 hand axe
 O - a +1 hand axe of electrocution (weapon)
Missiles
 h - 28 poisoned darts (quivered)
Armour
 c - a +0 buckler (worn)
 v - a +0 pair of gloves (worn)
 y - the +2 cloak of Levity (worn) {*Corrode rC+ Int+3 Dex+5}
   (You found it on level 4 of the Dungeon)

   Int+3:     It affects your intelligence (+3).
   Dex+5:     It affects your dexterity (+5).
   rC+:       It protects you from cold.
   *Corrode:  It may corrode you when you take damage.
 L - a +0 pair of boots (worn)
 M - a +3 leather armour (worn)
Jewellery
 q - a ring of poison resistance (left hand)
 z - an amulet of reflection (around neck)
 C - an amulet of magic regeneration
 D - a +6 ring of intelligence
 F - a +4 ring of slaying (right hand)
 H - a ring of flight
Wands
 J - a wand of polymorph (7)
 N - a wand of roots (7)
 P - a wand of flame (24)
 Q - a wand of digging (5)
 R - a wand of charming (10)
Scrolls
 b - a scroll of fog {unknown}
 e - 5 scrolls of amnesia
 g - a scroll of vulnerability {unknown}
 i - a scroll of blinking
 l - 4 scrolls of identify
 p - a scroll of brand weapon {unknown}
 r - a scroll of noise {unknown}
 s - a scroll of enchant armour {unknown}
 t - a scroll of fear {unknown}
 w - 3 scrolls of immolation
 x - 3 scrolls of poison {unknown}
 A - a scroll of revelation {unknown}
 I - 3 scrolls of teleportation {unknown}
Potions
 a - a potion of attraction {unknown}
 d - 2 potions of might
 f - 3 potions of brilliance {unknown}
 j - 5 potions of curing
 k - 2 potions of resistance {unknown}
 n - a potion of cancellation {unknown}
 o - 3 potions of degeneration {unknown}
 u - 3 potions of haste {unknown}
 B - a potion of berserk rage {unknown}
 E - a potion of heal wounds {unknown}
 G - 3 potions of enlightenment {unknown}
 K - a potion of magic {unknown}


   Skills:
 + Level 9.1 Fighting
 + Level 6.2 Short Blades
 + Level 6.2 Long Blades
 + Level 6.2 Axes
 + Level 7.8 Maces & Flails
 + Level 6.2 Polearms
 + Level 6.2 Staves
 + Level 6.2 Ranged Weapons
 + Level 6.2 Throwing
 + Level 9.1 Armour
 + Level 6.2 Dodging
 + Level 6.2 Stealth
 + Level 9.1 Shields
 + Level 6.2 Unarmed Combat
 + Level 6.2 Spellcasting
 + Level 5.1 Conjurations
 + Level 5.1 Hexes
 + Level 5.1 Summonings
 + Level 5.1 Necromancy
 + Level 5.1 Translocations
 + Level 5.1 Transmutations
 + Level 5.1 Fire Magic
 + Level 5.1 Ice Magic
 + Level 5.1 Air Magic
 + Level 5.1 Earth Magic
 + Level 5.1 Poison Magic
 + Level 6.8 Invocations
 + Level 6.2 Evocations
 + Level 5.6 Shapeshifting


You had 22 spell levels left.
You didn't know any spells.
Your spell library contained the following spells:

 Spells                   Type           Power      Damage    Failure   Level
 Foxfire                  Conj/Fire      72%        2x1d7     2%          1
 Necrotise                Necr           72%        1d7       2%          1
 Sandblast                Erth           36%        2d10      2%          1
 Slow                     Hex            72%        N/A       2%          1
 Cigotuvi's Dreadful Rot  Necr/Pois/Air  36%        N/A       4%          2
 Ensorcelled Hibernation  Hex/Ice        36%        N/A       4%          2
 Jinxbite                 Hex            36%        N/A       4%          2
 Passwall                 Tmut/Erth      15%        N/A       4%          2
 Confusing Touch          Hex            18%        N/A       8%          3
 Ignite Poison            Fire/Tmut/Pois 18%        N/A       8%          3
 Sigil of Binding         Hex            18%        N/A       8%          3
 Stone Arrow              Conj/Erth      36%        3d9       8%          3
 Tukima's Dance           Hex            18%        N/A       8%          3
 Vampiric Draining        Necr           18%        2d7       8%          3
 Anguish                  Hex/Necr       9%         N/A       26%         4
 Brom's Barrelling Bould  Conj/Erth      18%        2d4       26%         4
 Cause Fear               Hex            9%         N/A       26%         4
 Dimensional Bullseye     Hex/Tloc       9%         N/A       26%         4
 Iskenderun's Mystic Bla  Conj/Tloc      18%        2d6       26%         4
 Agony                    Necr           18%        N/A       58%         5
 Freezing Cloud           Conj/Ice/Air   9%         6-21      58%         5
 Plasma Beam              Fire/Air       9%         2x1d19    99%         6
 Starburst                Conj/Fire      9%         6d5       99%         6
 Enfeeble                 Hex            9%         N/A       100%        7


Dungeon Overview and Level Annotations

Branches:
Dungeon (10/15)            Temple (0/1) D:7            Lair (0/5) D:8
    Orc: D:9-12

Altars:
Gozag
Vehumet
Wu Jian
The Shining One

Shops:
D:3 :   D:4 :*?!:   D:5 *   D:7 (

Annotations:
D:3 3 runed translucent doors, Aggravatedjoe's ghost, weakling DsVM
D:6 Jeremiah
D:9 2 runed translucent doors, PiratePeteNZ's ghost, novice HuFi


Innate Abilities, Weirdness & Mutations

You have very sharp teeth.
Your uncanny sense of smell can sniff out nearby items.
Your experience applies equally to all skills.


Message History

Unknown command.
You hit the orc priest but do no damage.
The orc priest is heavily wounded.
You hit the acid dragon.
Lightning courses through the acid dragon!
You kill the acid dragon!
The acid dragon scales are intact enough to wear.
You block the orc priest's attack.
You barely miss the orc priest.
The orc priest is heavily wounded.
You block the orc priest's attack.
You hit the orc priest but do no damage.
Lightning courses through the orc priest!
You kill the orc priest!
The Shining One accepts your kill.
Things that are here:
a +0 club; a +0 orcbow; an orc corpse An acid dragon comes into view.
An acid dragon is nearby!
An acid dragon is nearby!
You are no longer corroded.
Okay, then.
Okay, then.
The acid dragon spits acid at you. The splash of acid hits you!
* * * LOW HITPOINT WARNING * * *
Your corrosive artefact corrodes you!
You hear a shout!
The acid dragon bites you.
* * * LOW HITPOINT WARNING * * *
You block the acid dragon's attack.
You hit the acid dragon but do no damage.
Lightning courses through the acid dragon!
The acid dragon is heavily wounded.
You block the acid dragon's attack. The acid dragon completely misses you.
You hit the acid dragon.
The acid dragon is severely wounded.
The acid dragon spits acid at you. The splash of acid hits you!!
You die...

......#
#.....#.....#....
......#
#.....#.....#....
###...#
#.....#.....#....
......#
#.....#.....#....
......+ ∆
#.....'.....#....
......#
#############....#####
...####
#.........###....##...
##.#
#.........#......##...
.#
#.###@....#......##...
#.+
#.###D....#......##...
##.#
#.........#......##...
...#
#.........############
...# ##.......... ...
#..# #.####..#### ...#
#..# #.#
#..#######.... #†.#
#D####..............
#.)#
#.......D...........


You could see an acid dragon (catching breath).

Vanquished Creatures
  A two-headed ogre (D:9)
  A cyclops (D:6)
  An unseen horror (D:10)
  A hornet (D:8)
  Grinder (D:6)
  Sigmund (D:4)
  A wyvern (D:10)
  2 wraiths
  Eustachio (D:5)
  8 yaks
  Edmund (D:6)
  Duvessa (D:7)
  An acid dragon (D:10)
  2 water moccasins (D:6)
  2 ice beasts (D:6)
  3 sky beasts
  4 orc warriors
  6 centaurs
  A phantom (D:6)
  A kobold brigand (D:8)
  Blork the orc (D:6)
  4 scorpions
  A gnoll sergeant (D:5)
  3 bullfrogs
  3 wights
  Dowan (D:7)
  3 killer bees (D:9)
  3 howler monkeys (D:7)
  2 hounds
  2 jellies
  14 orc priests
  A sleepcap (D:6)
  3 iguanas
  11 orc wizards
  8 gnolls
  9 adders
  4 white imps
  An ufetubus (D:4)
  A worm (D:5)
  4 dart slugs
  41 orcs
  8 ball pythons
  4 endoplasms
  5 giant cockroaches
  8 goblins
  10 hobgoblins
  12 kobolds
  2 quokkas
  9 bats
  6 frilled lizards
  7 rats
231 creatures vanquished.

Vanquished Creatures (others)
  An orc (D:7)
1 creature vanquished.

Grand Total: 232 creatures vanquished

Notes
Turn   | Place    | Note
-------+----------+-------------------------------------------
     0 | D:1      | lyrin the Gnoll Fighter began the quest for the Orb.
     0 | D:1      | Reached XP level 1. HP: 23/23 MP: 1/1
   119 | D:1      | Reached XP level 2. HP: 29/29 MP: 2/2
   274 | D:1      | Reached XP level 3. HP: 35/35 MP: 3/3
   555 | D:1      | Reached skill level 1 in Invocations
   706 | D:2      | Reached skill level 1 in Short Blades
   706 | D:2      | Reached skill level 1 in Long Blades
   706 | D:2      | Reached skill level 1 in Axes
   706 | D:2      | Reached skill level 1 in Polearms
   706 | D:2      | Reached skill level 1 in Staves
   706 | D:2      | Reached skill level 1 in Ranged Weapons
   706 | D:2      | Reached skill level 1 in Throwing
   706 | D:2      | Reached skill level 1 in Dodging
   706 | D:2      | Reached skill level 1 in Stealth
   706 | D:2      | Reached skill level 1 in Unarmed Combat
   706 | D:2      | Reached skill level 1 in Spellcasting
   706 | D:2      | Reached skill level 1 in Evocations
  1071 | D:2      | Reached skill level 1 in Shapeshifting
  1071 | D:2      | Reached XP level 4. HP: 39/41 MP: 5/5
  1370 | D:3      | Found a runed translucent gate.
  1370 | D:3      | Found a runed translucent gate.
  1370 | D:3      | Found a runed translucent gate.
  1370 | D:3      | Found an opulent altar of Gozag.
  1373 | D:3      | Noticed Aggravatedjoe's ghost (weakling DsVM)
  1399 | D:3      | Found Pamakuq's Book Boutique.
  1542 | D:3      | Reached skill level 1 in Conjurations
  1542 | D:3      | Reached skill level 1 in Hexes
  1542 | D:3      | Reached skill level 1 in Summonings
  1542 | D:3      | Reached skill level 1 in Necromancy
  1542 | D:3      | Reached skill level 1 in Translocations
  1542 | D:3      | Reached skill level 1 in Transmutations
  1542 | D:3      | Reached skill level 1 in Fire Magic
  1542 | D:3      | Reached skill level 1 in Ice Magic
  1542 | D:3      | Reached skill level 1 in Air Magic
  1542 | D:3      | Reached skill level 1 in Earth Magic
  1542 | D:3      | Reached skill level 1 in Poison Magic
  1877 | D:3      | Reached XP level 5. HP: 32/47 MP: 5/7
  2520 | D:4      | Found Mepnoibu's Book Emporium.
  2680 | D:4      | Found Ykluash's Magic Scroll Emporium.
  2709 | D:4      | Found Pixelow's Distillery.
  2755 | D:4      | Found Dufryzish's Assorted Antiques.
  2757 | D:4      | Identified the +2 cloak of Levity {*Corrode rC+ Int+3
                  | Dex+5}
  2812 | D:3      | Reached XP level 6. HP: 23/53 MP: 8/8
  3033 | D:4      | Reached skill level 5 in Maces & Flails
  3157 | D:4      | Noticed Sigmund
  3666 | D:4      | Found Acadgh's Book Shop.
  3719 | D:4      | Killed Sigmund
  3720 | D:4      | Reached XP level 7. HP: 42/60 MP: 10/10
  4241 | D:5      | Entered Level 5 of the Dungeon
  4241 | D:5      | Found Herekop's General Store.
  4306 | D:5      | Found an ornate altar of the Wu Jian Council.
  4940 | D:5      | Noticed Eustachio
  4969 | D:5      | Killed Eustachio
  4970 | D:5      | Reached XP level 8. HP: 50/67 MP: 12/12
  5227 | D:6      | Found a radiant altar of Vehumet.
  5243 | D:6      | Noticed Edmund
  5289 | D:6      | Killed Edmund
  5549 | D:6      | Noticed Jeremiah
  6311 | D:6      | Noticed Grinder
  6315 | D:6      | Noticed Blork the orc
  6326 | D:6      | Killed Blork the orc
  6326 | D:6      | Paralysed by Grinder for 3 turns
  6338 | D:6      | Paralysed by Grinder for 4 turns
  6343 | D:6      | Killed Grinder
  6478 | D:6      | Reached XP level 9. HP: 56/73 MP: 14/14
  6621 | D:6      | Found an opulent altar of Gozag.
  6621 | D:6      | Found a glowing golden altar of the Shining One.
  6668 | D:6      | Became a worshipper of the Shining One
  7285 | D:6      | Noticed a cyclops
  7286 | D:6      | Noticed a komodo dragon
  7405 | D:6      | Killed a cyclops
  7406 | D:6      | Reached skill level 5 in Invocations
  7730 | D:7      | Noticed Duvessa
  7730 | D:7      | Noticed Dowan
  7748 | D:7      | Killed Dowan
  7754 | D:7      | Killed Duvessa
  7919 | D:7      | Found Ruepoff's Antique Weapon Emporium.
  8019 | D:7      | Found a staircase to the Ecumenical Temple.
  8031 | D:7      | Reached * piety under the Shining One
  8037 | D:7      | Reached XP level 10. HP: 80/80 MP: 17/17
  8194 | D:8      | Reached skill level 5 in Short Blades
  8194 | D:8      | Reached skill level 5 in Long Blades
  8194 | D:8      | Reached skill level 5 in Axes
  8194 | D:8      | Reached skill level 5 in Polearms
  8194 | D:8      | Reached skill level 5 in Staves
  8194 | D:8      | Reached skill level 5 in Ranged Weapons
  8194 | D:8      | Reached skill level 5 in Throwing
  8194 | D:8      | Reached skill level 5 in Dodging
  8194 | D:8      | Reached skill level 5 in Stealth
  8194 | D:8      | Reached skill level 5 in Unarmed Combat
  8194 | D:8      | Reached skill level 5 in Spellcasting
  8194 | D:8      | Reached skill level 5 in Evocations
  8452 | D:8      | Found a staircase to the Lair.
  9069 | D:9      | Found a large runed translucent door.
  9069 | D:9      | Found a large runed translucent door.
  9071 | D:9      | Noticed PiratePeteNZ's ghost (novice HuFi)
  9154 | D:9      | Noticed a two-headed ogre
  9227 | D:9      | Killed a two-headed ogre
  9228 | D:9      | Reached skill level 5 in Shapeshifting
  9425 | D:9      | Identified the +2 ring mail "Seleeps" {*Slow rN++}
  9638 | D:9      | Reached ** piety under the Shining One
  9963 | D:9      | Reached XP level 11. HP: 52/87 MP: 19/19
 10231 | D:10     | Entered Level 10 of the Dungeon
 10268 | D:10     | Reached skill level 5 in Conjurations
 10268 | D:10     | Reached skill level 5 in Hexes
 10268 | D:10     | Reached skill level 5 in Summonings
 10268 | D:10     | Reached skill level 5 in Necromancy
 10268 | D:10     | Reached skill level 5 in Translocations
 10268 | D:10     | Reached skill level 5 in Transmutations
 10268 | D:10     | Reached skill level 5 in Fire Magic
 10268 | D:10     | Reached skill level 5 in Ice Magic
 10268 | D:10     | Reached skill level 5 in Air Magic
 10268 | D:10     | Reached skill level 5 in Earth Magic
 10268 | D:10     | Reached skill level 5 in Poison Magic
 10452 | D:10     | Identified the +4 flail "Pimah Hoje" {speed, Dex+4 SInv}
 10652 | D:10     | Killed from afar by an acid dragon

Illustrated notes

Levels and vault maps discovered:
D:1:      scummos_arrival_forest, layout_loops_ring
D:2:      layout_rooms
D:3:      layout_loops_cross, serial_shops, shop, ebering_ghost_gozag,
          nicolae_the_louvre
D:4:      layout_basic, serial_shops, shop, nicolae_shop_window_shopping,
          nicolae_shop_tiny_real_fake_doors, nicolae_shop_crystal,
          shop_fountains, uniq_sigmund
D:5:      layout_loops_ring, nicolae_wu_jian_wuxing_cycle,
          nicolae_stop_n_shop_1, roderic_roman_lattice, lightli_minifort,
          uniq_eustachio
D:6:      wad_guarded_room, layout_cave_pods, vehumet_crystals,
          mainiacjoe_overflow_catwalk_spiral, uniq_grinder, uniq_blork_the_orc,
          uniq_jeremiah, uniq_edmund
D:7:      layout_rooms, minmay_temple_entry_slanted, serial_shops, shop,
          uniq_duvessa
D:8:      layout_basic, lair_entry_dummy
D:9:      layout_roguey, ebering_ghost_disaster_area
D:10:     layout_stronghold, st_stairs_1, nicolae_inconvenience_store

Skill      XL: |  1  2  3  4  5  6  7  8  9 10 11 |
---------------+----------------------------------+-----
Invocations    | 1 2 3 4 5 6 |  6.8
Short Blades   | 1 2 3 4 5 6 |  6.2
Long Blades    | 1 2 3 4 5 6 |  6.2
Axes           | 1 2 3 4 5 6 |  6.2
Polearms       | 1 2 3 4 5 6 |  6.2
Staves         | 1 2 3 4 5 6 |  6.2
Ranged Weapons | 1 2 3 4 5 6 |  6.2
Throwing       | 1 2 3 4 5 6 |  6.2
Dodging        | 1 2 3 4 5 6 |  6.2
Stealth        | 1 2 3 4 5 6 |  6.2
Unarmed Combat | 1 2 3 4 5 6 |  6.2
Spellcasting   | 1 2 3 4 5 6 |  6.2
Evocations     | 1 2 3 4 5 6 |  6.2
Shapeshifting  | 1 2 3 4 5 |  5.6
Conjurations   | 1 2 3 4 5 |  5.1
Hexes          | 1 2 3 4 5 |  5.1
Summonings     | 1 2 3 4 5 |  5.1
Necromancy     | 1 2 3 4 5 |  5.1
Translocations | 1 2 3 4 5 |  5.1
Transmutations | 1 2 3 4 5 |  5.1
Fire Magic     | 1 2 3 4 5 |  5.1
Ice Magic      | 1 2 3 4 5 |  5.1
Air Magic      | 1 2 3 4 5 |  5.1
Earth Magic    | 1 2 3 4 5 |  5.1
Poison Magic   | 1 2 3 4 5 |  5.1
Maces & Flails | 5 6 7 |  7.8
Fighting       | 7 8 9 |  9.1
Armour         | 7 8 9 |  9.1
Shields        | 7 8 9 |  9.1

Action                     |  1- 3 |  4- 6 |  7- 9 | 10-12 || total
---------------------------+-------+-------+-------+-------++-------
  Melee: Flail             |    92 |       |       |       ||    92
         Bite              |    13 |    20 |    43 |    31 ||   107
         Hand axe          |    29 |   160 |   299 |   204 ||   692
  Throw: Dart              |       |     8 |       |       ||     8
 Invoke: Divine Shield     |       |       |       |     1 ||     1
    Use: Potion            |       |     1 |       |     1 ||     2
         Scroll            |       |       |     3 |       ||     3
 Armour: Scale mail        |    76 |   158 |   175 |     8 ||   417
         Leather armour    |       |       |       |   107 ||   107
  Dodge: Dodged            |    53 |    93 |   103 |   110 ||   359
  Block: Buckler           |    29 |    75 |   170 |   146 ||   420
         Reflection        |       |       |     9 |     8 ||    17

Table legend: (Time is in decaauts)
 A = Elapsed time spent in this place.
 B = Non-inter-level travel time spent in this place.
 C = Inter-level travel time spent in this place.
 D = Time resting spent in this place.
 E = Time spent auto-exploring this place.
 F = Levels seen in this place.
 G = Mean time per level.
                   A        B        C        D        E       F      G
               +--------+--------+--------+--------+--------+-----+--------+
         Total |  10794 |  10464 |    330 |   2263 |   5825 |  10 | 1079.4 |
       Dungeon |  10794 |  10464 |    330 |   2263 |   5825 |  10 | 1079.4 |
               +--------+--------+--------+--------+--------+-----+--------+

Top non-repeatable levels by time:
     D:5: 1771 daAuts
     D:6: 1600 daAuts
     D:3: 1417 daAuts
     D:4: 1200 daAuts
     D:9: 1141 daAuts
     D:2: 1020 daAuts
     D:8: 930 daAuts
     D:1: 681 daAuts
     D:7: 609 daAuts
    D:10: 422 daAuts
